 Dungeon Crawl Stone Soup version 0.28.0 (webtiles) character file.

Game seed: 2930542144205643167

110 Lambsauce the Ducker (level 4, -2/45 HPs)
             Began as a Troll Fighter on Feb 12, 2022.
             Frozen to death by an endoplasm (4 damage)
             ... on level 2 of the Dungeon.
             The game lasted 00:04:12 (1158 turns).

Lambsauce the Ducker (Troll Fighter)                Turns: 1158, Time: 00:04:12

Health: -2/45      AC:  4    Str: 26    XL:     4   Next: 61%
Magic:  3/3        EV:  8    Int:  4    God:
Gold:   52         SH:  8    Dex:  9    Spells: 3/3 levels left

rFire   . . .      SeeInvis .   a - +0 long sword
rCold   . . .      Faith    .   c - +1 kite shield
rNeg    . . .      Spirit   .   b - +0 robe
rPois   .          Reflect  .   (helmet restricted)
rElec   .          Harm     .   (no cloak)
rCorr   .          Rampage  .   (gloves unavailable)
Will    .....                   (boots unavailable)
Stlth   +.........              (no amulet)
HPRegen 0.95/turn               (no ring)
MPRegen 0.08/turn               (no ring)

@: hasted, very quick
A: large, unfitting armour, claws 3, regeneration 1, shaggy fur 1, tough skin 1
a: no special abilities


You were on level 2 of the Dungeon.
You visited 1 branch of the dungeon, and saw 2 of its levels.

You collected 52 gold pieces.

Inventory:

Hand Weapons
 a - a +0 long sword (weapon)
 e - a +4 quarterstaff of chaos
Missiles
 i - 4 atropa-tipped darts (quivered)
Armour
 b - a +0 robe (worn)
 c - a +1 kite shield (worn)
Scrolls
 g - a scroll of acquirement {unknown}
 h - 2 scrolls of vulnerability
Potions
 d - 2 potions of might


   Skills:
 + Level 3.0 Fighting
 + Level 2.5 Long Blades
 + Level 3.0 Dodging
 + Level 0.1 Stealth
 + Level 2.9 Shields


You had 3 spell levels left.
You didn't know any spells.
Your spell library contained the following spells:

 Spells                   Type           Power      Damage    Failure   Level
 Ozocubu's Armour         Ice            0%         N/A       99%         3
 Ozocubu's Refrigeration  Ice            0%         4d5       100%        7


Dungeon Overview and Level Annotations

Branches:
Dungeon (2/15)

Altars:


Innate Abilities, Weirdness & Mutations

You are too large for most types of armour.
You have claws for hands.
Your natural rate of healing is unusually fast.
You are covered in fur. (AC +1)
You have tough skin. (AC +1)


Message History

The ball python bites you. The adder bites you.
* * * LOW HITPOINT WARNING * * *
The endoplasm freezes you.
You are frozen.
* * * LOW HITPOINT WARNING * * *
The ball python bites you but does no damage.
You block the adder's attack.
You slash the adder!
You kill the adder!
The ball python barely misses you. The endoplasm freezes you.
You are frozen.
* * * LOW HITPOINT WARNING * * *
The ball python bites you but does no damage.
The endoplasm freezes you.
You are frozen.
* * * LOW HITPOINT WARNING * * *
You barely miss the ball python. The ball python bites you.
* * * LOW HITPOINT WARNING * * *
You block the endoplasm's attack. The ball python completely misses you.
You barely miss the ball python. The endoplasm freezes you.
You are frozen.
* * * LOW HITPOINT WARNING * * *
The ball python bites you.
* * * LOW HITPOINT WARNING * * *
You block the endoplasm's attack.
It was a potion of haste.
You feel yourself speed up. You block the ball python's attack.
The endoplasm freezes you.
You are frozen.
* * * LOW HITPOINT WARNING * * *
You block the ball python's attack.
You closely miss the ball python. The ball python barely misses you.
The endoplasm hits you.
* * * LOW HITPOINT WARNING * * *
You closely miss the ball python. The ball python barely misses you.
The endoplasm freezes you.
You are frozen.
You die...

#.<.........# ##
#.#########.#
...######.#.........#
##(.....#.#.#########
#...........# #
.####...####
#..##..##..#
#.....†S#..# ##J@#..#
##(!##..# #..##...#
#.......# ##..##.##
####..# .## ##


You could see an endoplasm and a ball python.

Vanquished Creatures
  Crazy Yiuf (D:2)
  3 adders (D:2)
  4 dart slugs (D:1)
  11 endoplasms
  2 giant cockroaches
  2 goblins (D:1)
  3 hobgoblins (D:1)
  2 jackals (D:2)
  2 quokkas (D:2)
  5 ball pythons
  3 bats
  4 frilled lizards
  2 kobolds
  2 rats (D:2)
46 creatures vanquished.

Notes
Turn   | Place    | Note
-------+----------+-------------------------------------------
     0 | D:1      | Lambsauce the Troll Fighter began the quest for the Orb.
     0 | D:1      | Reached XP level 1. HP: 22/22 MP: 0/0
   128 | D:1      | Reached XP level 2. HP: 29/29 MP: 1/1
   131 | D:1      | Found a faded altar of an unknown god.
   561 | D:1      | Reached XP level 3. HP: 36/36 MP: 2/2
   706 | D:2      | Found a runed translucent door.
   707 | D:2      | Noticed Crazy Yiuf
   716 | D:2      | Killed Crazy Yiuf
   795 | D:2      | Reached XP level 4. HP: 44/44 MP: 3/3
  1155 | D:2      | HP: 2/45 [ball python (3)]
  1158 | D:2      | Frozen to death by an endoplasm

Illustrated notes

Levels and vault maps discovered:
D:1:      noname_arrival_rooms_in_the_neighbourhood, layout_loops_cross,
          shapermc_ecumenical_altar_mp_urbaneastern
D:2:      layout_basic, minmay_close_crescents, uniq_crazy_yiuf_cottage

Skill      XL: |  1  2  3  4 |
---------------+-------------+-----
Long Blades    | 2 |  2.5
Dodging        | 3 |  3.0
Fighting       | 3 |  3.0
Stealth        | |  0.1
Shields        | |  2.9

Action                   |  1- 3 |  4- 6 || total
-------------------------+-------+-------++-------
Melee: Long sword        |    73 |    83 ||   156
Throw: Dart              |     1 |       ||     1
  Use: Scroll            |     6 |       ||     6
       Potion            |       |     1 ||     1
 Stab: Sleeping          |     1 |       ||     1
Armor: Robe              |    21 |    44 ||    65
Dodge: Dodged            |    28 |    61 ||    89
Block: Kite shield       |    26 |    75 ||   101
